 Dungeon Crawl Stone Soup version 0.29.1-15-g9cfb28693d (webtiles) character file.

Game seed: 14591226451695476586

52 leafyfresh the Sneak (level 3, 0/26 HPs)
             Began as an Octopode Delver on Feb 25, 2023.
             Slain by a scorpion (6 damage)
             ... on level 6 of the Dungeon.
             The game lasted 00:00:36 (219 turns).

leafyfresh the Sneak (Octopode Delver)               Turns: 219, Time: 00:00:37

Health: 0/26       AC:  1    Str: 11    XL:     3   Next: 85%
Magic:  3/3        EV: 13    Int: 14    God:
Gold:   27         SH:  0    Dex: 13    Spells: 2/2 levels left

rFire   . . .      SeeInvis .   a - +0 short sword
rCold   . . .      Faith    .   (no shield)
rNeg    . . .      Spirit   .   (helmet restricted)
rPois   .          Reflect  .   (no amulet)
rElec   .          Harm     .   (no ring)
rCorr   .          Rampage  .   (no ring)
Will    .....                   (no ring)
Stlth   ++++......              (no ring)
HPRegen 0.08/turn               (no ring)
MPRegen 0.08/turn               (no ring)
                                (no ring)
                                (no ring)

@: lethally poisoned (0 -> -13)
A: almost no armour, amphibious, 8 rings, camouflage 1, gelatinous body 1,
(nimble swimmer 1), tentacles
a: no special abilities


You were on level 6 of the Dungeon.
You visited 1 branch of the dungeon, and saw 2 of its levels.

You collected 27 gold pieces.

Inventory:

Hand Weapons
 a - a +0 short sword (weapon)
Wands
 f - a wand of digging (3)
Scrolls
 b - a scroll of fog
 c - a scroll of magic mapping
 d - a scroll of fear
 g - a scroll of identify {unknown}
Potions
 e - a potion of haste


   Skills:
 + Level 3.6 Fighting
 - Level 2.0 Short Blades
 + Level 2.8 Dodging
 + Level 7.2 Stealth


You had 2 spell levels left.
You didn't know any spells.
Your spell library was empty.

Dungeon Overview and Level Annotations

Branches:
Dungeon (6/15)
 Temple: D:4-7

Altars:


Innate Abilities, Weirdness & Mutations

You cannot wear most types of armour.
You are amphibious.
You can wear up to eight rings at the same time.
Your skin changes colour to match your surroundings (Stealth+).
Your rubbery body absorbs attacks. (AC +1, EV +1)
((You are camouflaged when in or above water. (Stealth+)))
You have tentacles for arms and can constrict up to eight enemies at once.


Message History

A hound comes into view.
There is an open door here.
There is an open door here.
There is a stone staircase leading down here.
You climb downwards.
Found a club.
There is a stone staircase leading up here.
Found a stone staircase leading up.
No target in view!
Found a mace.
No target in view!
A scorpion comes into view.
You closely miss the scorpion. Your grab misses the scorpion.
The scorpion stings you.
You barely miss the scorpion. You grab the scorpion.
You constrict the scorpion. The scorpion stings you.
You are poisoned.
The scorpion poisons you!
You hit the scorpion. Your squeeze misses the scorpion.
The scorpion is lightly wounded.
You constrict the scorpion.
You feel sick. The scorpion stings you.
You barely miss the scorpion.
The scorpion is moderately wounded.
You constrict the scorpion, but do no damage.
You feel sick. The scorpion barely misses you. x2
You hit the scorpion but do no damage. Your squeeze misses the scorpion.
The scorpion is moderately wounded.
You constrict the scorpion.
You feel sick. The scorpion barely misses you.
You barely miss the scorpion.
The scorpion is moderately wounded.
You constrict the scorpion.
You feel sick. The scorpion stings you.
You are lethally poisoned!
The scorpion poisons you!
You hit the scorpion but do no damage.
The scorpion is heavily wounded.
You constrict the scorpion.
* * * LOW HITPOINT WARNING * * *
You feel very sick. The scorpion stings you.
You die...

......#...........
.#....#...$.......
................#
..####.!..........
#..............#
#............#.#
.#......#.....#.# ..
........#....s#.# ...
........##...@#.###.##
.......................
....................#..#
#.......###.............
#.......###.....###....#
.............#.........# .
..####.......##........#..
. ...........##...........
####.#..................


You could see a scorpion.

Vanquished Creatures
  A scorpion (D:5)
1 creature vanquished.

Notes
Turn   | Place    | Note
-------+----------+-------------------------------------------
     0 | D:5      | leafyfresh the Octopode Delver began the quest for the Orb.
     0 | D:5      | Reached XP level 1. HP: 16/16 MP: 1/1
    55 | D:5      | Noticed a scorpion
    60 | D:5      | Killed a scorpion
    61 | D:5      | Reached skill level 7 in Stealth
    61 | D:5      | Reached XP level 2. HP: 21/21 MP: 2/2
    61 | D:5      | Reached XP level 3. HP: 26/26 MP: 3/3
    70 | D:5      | Noticed a black bear
   205 | D:6      | Noticed a scorpion
   219 | D:6      | Slain by a scorpion

Illustrated notes

Levels and vault maps discovered:
D:5:      layout_gridville, minitemple, minmay_temple_entry_waves,
          serial_co_window_serial, co_window_paths_b,
          co_window_of_opportunity_a, co_window_paths_a, co_window_paths_a,
          co_window_of_opportunity_a, co_window_paths_a, co_window_corner_b,
          co_window_unsneaky_path_a, co_window_2corner, co_window_cross_4,
          co_window_broadway_c, co_window_corner_ca, glass_columns_a,
          glass_columns_a, glass_columns_a, glass_columns_c, glass_columns_a
D:6:      layout_basic, st_stairs_7

Skill      XL: |  1 |
---------------+----+-----
Stealth        | 7 |  7.2
Fighting       | |  3.6
Short Blades   | |  2.0
Dodging        | |  2.8

Action                   || total
-------------------------++-------
Melee: Short sword       ||     8
       Constrict         ||     1
 Stab: Sleeping          ||     1
Dodge: Dodged            ||     3
